 Dungeon Sprint DCSS version 0.31-a0-920-g28cbb04a8c (webtiles) character file.

Game seed: 8035013185932817078

777 sircluck the Grappler (level 7, -3/81 HPs)
             Began as a Troll Berserker on Oct 17, 2023.
             Was a Priest of Trog.
             Slain by an ice devil (17 damage)
             ... summoned by a kobold demonologist
             ... in the Dungeon (Sprint VII: "The Pits").
             The game lasted 00:00:42 (46 turns).

sircluck the Grappler (Troll Berserker)               Turns: 46, Time: 00:00:43

Health: -3/81      AC:  4    Str: 28    XL:     7   Next: 54%
Magic:  6/6        EV: 12    Int:  3    God:    Trog [***...]
Gold:   0          SH:  0    Dex:  9    Spells: 6/6 levels left

rFire   . .          .
                       - Unarmed
rCold   . . .        (no shield)
rNeg    . . .        a - +0 animal skin
rPois   .            (helmet restricted)
rElec   .            (no cloak)
rCorr   .            (gloves unavailable)
SInv    .            (boots unavailable)
Will    .....        (no amulet)
Stlth   +            (no ring)
HPRegen 1.13/turn    (no ring)
MPRegen 0.10/turn

%: no teleportation
@: on berserk cooldown, slowed, very slow
A: large, unfitting armour, claws 3, regeneration 1, shaggy fur 1, tough skin 1
a: Renounce Religion, Berserk, Trog's Hand


You were in the Dungeon.
You worshipped Trog.
Trog was most pleased with you.
You visited 1 branch

Inventory:

Armour
 a - a +0 animal skin (worn)
Potions
 b - a potion of curing
 c - a potion of heal wounds
 d - a potion of haste
 e - 2 potions of magic
 f - a potion of berserk rage


   Skills:
 + Level 8.6 Fighting
 + Level 8.5 Dodging
 + Level 10.1 Unarmed Combat


You had 6 spell levels left.
You didn't know any spells.
Your spell library was empty.

Dungeon Overview and Level Annotations

Branches:
Dungeon (1/1)

Altars:


Innate Abilities, Weirdness & Mutations

You are too large for most types of armour.
You have claws for hands.
Your natural rate of healing is unusually fast.
You are covered in fur. (AC +1)
You have tough skin. (AC +1)


Message History

You feel sick.
You are no longer poisoned.
The kobold barely misses you. x2
The kobold demonologist looks satisfied for a moment.
The kobold barely misses you.
The kobold demonologist casts a spell.
The kobold closely misses you.
Things that are here:
a +0 dagger of protection; 6 poisoned darts; a kobold corpse Unknown command.
Unknown command.
The kobold misses you. The kobold barely misses you.
The kobold hits you with a +0 dagger. The kobold closely misses you.
The kobold demonologist mumbles some strange words.
The kobold closely misses you.
The red devil hits you from afar with a +0 trident!
Barbed spikes become lodged in your body.
There is a huge open gate to the Metal Vault (Medium) here.
The barbed spikes dig painfully into your body as you move.
The kobold demonologist looks braver for a moment.
There is a huge open gate to the Metal Vault (Medium) here.
Blink to where?
Press: ? - help, Q - select action, (/) - cycle Dir - move target
As you read the scroll of blinking, it crumbles to dust.
You carefully extract the barbed spikes from your body.
You claw the kobold!
You kill the kobold!
Trog accepts your kill.
The red devil disappears in a puff of smoke!
The kobold demonologist gestures wildly while chanting.
Unknown command.
Unknown command.
The ufetubus shouts!
The chaos spawn hits you!
You are engulfed in flames!
* * * LOW HITPOINT WARNING * * *
The ice devil closely misses you. The chaos spawn closely misses you.
The ice devil hits you!
* * * LOW HITPOINT WARNING * * *
The ice devil freezes you!
You die...

##########++######
#................#
#...4..#..#......#
#...§@K..........+
+....4§.5........+
#....§.#5.#......#
#......K.........#
####'#####''######
#.......##''#
#.......##44#
#.......##))#
#...<...##..#


You could see an ice devil (summoned), a kobold demonologist, a chaos spawn
(summoned), an iron imp (summoned), an ufetubus (summoned) and a kobold.

Vanquished Creatures
  A bog body (D)
  A kobold demonologist (D)
  A kobold brigand (D)
  A white imp (D)
  A kobold (D)
5 creatures vanquished.

Notes
Turn   | Place    | Note
-------+----------+-------------------------------------------
     0 | D        | sircluck the Troll Berserker began the quest for the Orb.
     0 | D        | Reached XP level 1. HP: 22/22 MP: 0/0
    12 | D        | Noticed a kobold demonologist
    12 | D        | Noticed a kobold brigand
    18 | D        | Noticed a bog body
    23 | D        | Noticed a kobold demonologist
    25 | D        | Killed a bog body
    25 | D        | Reached ** piety under Trog
    26 | D        | Reached skill level 9 in Unarmed Combat
    26 | D        | Reached XP level 2. HP: 35/40 MP: 1/1
    26 | D        | Reached XP level 3. HP: 40/46 MP: 2/2
    26 | D        | Reached XP level 4. HP: 48/55 MP: 3/3
    26 | D        | Reached XP level 5. HP: 54/62 MP: 4/4
    26 | D        | Reached XP level 6. HP: 62/71 MP: 5/5
    27 | D        | Noticed a rust devil
    30 | D        | Reached XP level 7. HP: 54/79 MP: 6/6
    34 | D        | Noticed a chaos spawn
    34 | D        | Killed a kobold demonologist
    35 | D        | Reached skill level 10 in Unarmed Combat
    36 | D        | Noticed a red devil
    38 | D        | Noticed an ice devil
    44 | D        | Reached *** piety under Trog
    46 | D        | Slain by an ice devil

Illustrated notes

Levels and vault maps discovered:
D:        pitsprint [storerooms_1, entrance_room_1, metal_vault_3, armoury_2,
          mini_pit_1, grid_room_1, main_hall_1, silver_pit, the_coven_1,
          the_vestibule_1, steel_vault_3, golden_pit, hallway_of_sentries,
          crystal_vault_1, iron_vault_3, final_vault]

Skill      XL: |  1  2  3  4  5  6  7 |
---------------+----------------------+-----
Fighting       | 7 8 |  8.6
Dodging        | 7 8 |  8.5
Unarmed Combat | 9 10 | 10.1

Action                     |  1- 3 |  4- 6 |  7- 9 || total
---------------------------+-------+-------+-------++-------
  Melee: Unarmed           |     4 |     4 |     6 ||    14
 Invoke: Berserk           |     1 |       |       ||     1
    Use: Scroll            |       |       |     1 ||     1
 Armour: Animal skin       |     1 |     6 |    10 ||    17
  Dodge: Dodged            |     3 |     2 |    14 ||    19

Table legend: (Time is in decaauts)
 A = Elapsed time spent in this place.
 B = Non-inter-level travel time spent in this place.
 C = Inter-level travel time spent in this place.
 D = Time resting spent in this place.
 E = Time spent auto-exploring this place.
 F = Levels seen in this place.
 G = Mean time per level.
                   A        B        C        D        E       F      G
               +--------+--------+--------+--------+--------+-----+--------+
         Total |     51 |     51 |      0 |      4 |     11 |   1 |   51.0 |
       Dungeon |     51 |     51 |      0 |      4 |     11 |   1 |   51.0 |
               +--------+--------+--------+--------+--------+-----+--------+

Top non-repeatable levels by time:
       D: 51 daAuts
